 Dungeon Crawl Stone Soup version 0.29.0-4-gdea44cf6ec (webtiles) character file.

Game seed: 8388759886856984759

7079 qw the Grappler (level 10, -4/97 HPs)
             Began as a Troll Cinder Acolyte on Aug 31, 2022.
             Was a Believer of Ignis.
             Slain by a skeletal warrior
             ... wielding a +2 vorpal battleaxe
              (21 damage)
             ... on level 11 of the Dungeon.
             The game lasted 00:03:53 (9146 turns).

qw the Grappler (Troll Cinder Acolyte)              Turns: 9146, Time: 00:03:53

Health: -4/97      AC: 21    Str: 28    XL:     10   Next: 84%
Magic:  10/10      EV:  9    Int: 10    God:    Ignis [**....]
Gold:   1919       SH:  0    Dex:  5    Spells: 11/11 levels left

rFire   + . .      SeeInvis .     - Unarmed
rCold   . . .      Faith    .   (no shield)
rNeg    . . .      Spirit   .   g - +2 acid dragon scales
rPois   .          Reflect  .   (helmet restricted)
rElec   .          Harm     .   (no cloak)
rCorr   +          Rampage  .   (gloves unavailable)
Will    .....                   (boots unavailable)
Stlth   ..........              o - amulet of regeneration
HPRegen 1.86/turn               d - +4 ring of protection
MPRegen 0.12/turn               (no ring)

@: about to teleport, fiery-armoured
A: large, unfitting armour, claws 3, regeneration 1, shaggy fur 1, tough skin 1
a: Renounce Religion, Fiery Armour, Foxfire Swarm, Rising Flame


You were on level 11 of the Dungeon.
You worshipped Ignis.
Ignis was pleased with you.
You visited 1 branch of the dungeon, and saw 11 of its levels.

You collected 2092 gold pieces.
You spent 173 gold pieces at shops.


Innate Abilities, Weirdness & Mutations

You are too large for most types of armour.
You have claws for hands.
Your natural rate of healing is unusually fast.
You are covered in fur. (AC +1)
You have tough skin. (AC +1)


   Skills:
 + Level 5.6 Fighting
 - Level 5.1 Throwing
 - Level 2.0 Armour
 - Level 1.5 Dodging
 - Level 14.1 Unarmed Combat
 - Level 1.0 Spellcasting
 - Level 2.1 Fire Magic


You had 11 spell levels left.
You didn't know any spells.
Your spell library contained the following spells:

 Spells                   Type           Power      Damage    Failure   Level
 Scorch                   Fire           8%         2d5       26%         2

Inventory:

Missiles
 b - 4 large rocks (quivered)
 c - 2 javelins
 m - 2 boomerangs of dispersal
 n - a boomerang
Armour
 g - +2 acid dragon scales (worn)
Jewellery
 d - a +4 ring of protection (left claw)
 o - an amulet of regeneration (around neck)
 p - a ring of ice
Scrolls
 a - 4 scrolls of teleportation
 e - 13 scrolls of identify
 l - 3 scrolls of enchant weapon
Potions
 f - 3 potions of haste
 h - 3 potions of heal wounds
 i - a potion of might
 j - 2 potions of curing
 k - a potion of resistance
 q - a potion of ambrosia {unknown}
 r - a potion of experience {unknown}

Dungeon Overview and Level Annotations

Branches:
Dungeon (11/15)            Temple (0/1) D:4            Lair (0/5) D:11
    Orc: D:9-12

Altars:
Ashenzari
Cheibriados
Dithmenos
Fedhas
Hepliaklqana
Okawaru
Wu Jian
Yredelemnul

Shops:
D:2 *!?(?

Annotations:
D:3 3 runed translucent doors, qw's ghost, amateur TeWr
D:5 1 runed translucent door
D:10 2 transporters, qw's ghost, novice TrCA


Message History

Deactivating autopickup; reactivate with Ctrl-A.
The manticore bites you! The manticore claws you.
The manticore is burned by your cloak of flames.
The manticore is lightly wounded.
The manticore barely misses you.
You mangle the manticore!!
The manticore is severely wounded.
Something hits you. The manticore closely misses you.
The manticore claws you but does no damage.
The manticore is burned by your cloak of flames.
The manticore is almost dead.
The manticore claws you.
The manticore is burned by your cloak of flames.
The manticore is almost dead.
You scratch the manticore.
The manticore is almost dead.
Something hits you but does no damage.
The manticore bites you but does no damage.
The manticore claws you but does no damage.
The manticore is burned by your cloak of flames.
You kill the manticore!
The barbed spikes dig painfully into your body as you move.
Something hits you but does no damage.
You barely miss the skeletal warrior. Something hits you.
You scratch the skeletal warrior but do no damage.
Something hits you but does no damage.
The skeletal warrior hits you with a +2 vorpal battleaxe!
You closely miss the skeletal warrior.
You carefully extract the barbed spikes from your body.
Something hits you.
The skeletal warrior hits you with a +2 vorpal battleaxe!
The skeletal warrior is burned by your cloak of flames.
The skeletal warrior is lightly damaged.
9146 ||| READING 5 scrolls of teleportation.
As you read the scroll of teleportation, it crumbles to dust.
You feel strangely unstable. Something hits you.
The skeletal warrior hits you with a +2 vorpal battleaxe!!
You die...

#......)....#
#.....####### .
#.....# .. ..
#.....# ... ...
#.....# .... #...
#.....# ..... #....
#.....#......
#.....#............
.......@...........
......z............
...................
......#############
#..... ...... .....
.....


You could see a skeletal warrior.

Vanquished Creatures
  2 two-headed ogres
  2 manticores (D:11)
  A gargoyle (D:9)
  Psyche (D:10)
  2 trolls
  A hornet (D:9)
  A vampire (D:7)
  A wraith (D:10)
  2 wyverns
  A steam dragon (D:8)
  3 acid dragons
  2 water moccasins
  An ice beast (D:7)
  An orc warrior (D:10)
  A sky beast (D:6)
  A black bear (D:6)
  An ogre (D:5)
  2 centaurs
  3 bullfrogs
  A kobold brigand (D:7)
  A gnoll sergeant (D:9)
  2 scorpions
  5 wights (D:9)
  12 killer bees
  6 howler monkeys
  A jelly (D:7)
  5 hounds (D:6)
  3 orc priests (D:8)
  5 iguanas
  A human skeleton (D:5)
  An orc wizard (D:10)
  8 adders
  5 gnolls (D:9)
  2 shadow imps
  A white imp (D:5)
  An ufetubus (D:7)
  A worm (D:2)
  3 dart slugs
  22 orcs
  A bat (D:1)
  6 endoplasms
  3 giant cockroaches
  11 goblins
  8 hobgoblins
  7 quokkas
  2 ball pythons
  6 frilled lizards
  9 kobolds
  A kobold skeleton (D:5)
  A kobold zombie (D:5)
  6 rats
176 creatures vanquished.

Notes
Turn   | Place    | Note
-------+----------+-------------------------------------------
     0 | D:1      | qw the Troll Cinder Acolyte began the quest for the Orb.
     0 | D:1      | Reached XP level 1. HP: 22/22 MP: 1/1
     0 | D:1      | 0 ||| qw: Version: 0.1-a-97-g2dd2ca4
     0 | D:1      | 0 ||| qw: Game counter: 4572
     0 | D:1      | 0 ||| qw: Always use a shield: true
     0 | D:1      | 0 ||| qw: God list: Okawaru
     0 | D:1      | 0 ||| qw: Allow faded altars: false
     0 | D:1      | 0 ||| qw: Do Orc after D:15 true
     0 | D:1      | 0 ||| qw: Do second Lair branch before Depths: true
     0 | D:1      | 0 ||| qw: Lair rune preference: random
     0 | D:1      | 0 ||| qw: Plans: Normal
     0 | D:1      | 0 ||| PLANNING D:1-11
   151 | D:1      | Found a faded altar of an unknown god.
   180 | D:1      | Reached XP level 2. HP: 29/29 MP: 2/2
   190 | D:1      | 190 ||| Stepping ~*~*~tactically~*~*~ (hiding).
   481 | D:1      | 481 ||| Stepping ~*~*~tactically~*~*~ (outnumbered).
   482 | D:1      | 482 ||| Stepping ~*~*~tactically~*~*~ (outnumbered).
   623 | D:1      | Reached skill level 4 in Unarmed Combat
   628 | D:1      | 628 ||| Stepping ~*~*~tactically~*~*~ (hiding).
   809 | D:1      | 809 ||| READING scroll labelled IKYSIN CYOSCH.
   810 | D:1      | 810 ||| READING scroll labelled YMAZOR PAXKYNO.
   811 | D:1      | 811 ||| READING scroll labelled KYVEKI VAETABO.
   812 | D:1      | 812 ||| READING scroll labelled QYHOUWN KYPSU.
   813 | D:1      | 813 ||| DRINKING 2 smoky sapphire potions.
   828 | D:2      | Found Yxieggy's Distillery.
   828 | D:2      | Found Ufut's Magic Scroll Shop.
   829 | D:2      | 829 ||| STAIRDANCE
   841 | D:2      | 841 ||| INVOKING Fiery Armour.
   842 | D:2      | Reached XP level 3. HP: 11/36 MP: 3/3
   842 | D:2      | 842 ||| Stepping ~*~*~tactically~*~*~ (outnumbered).
   843 | D:2      | 843 ||| Stepping ~*~*~tactically~*~*~ (outnumbered).
   844 | D:2      | 844 ||| Stepping ~*~*~tactically~*~*~ (outnumbered).
   882 | D:2      | 882 ||| SHOPLISTING scroll of brand weapon (114 gold, have
                  | 80).
   882 | D:2      | 882 ||| BUYING scroll of identify (24 gold).
   882 | D:2      | Bought a scroll of identify for 24 gold pieces
   882 | D:2      | 882 ||| BUYING scroll of identify (24 gold).
   882 | D:2      | Bought a scroll of identify for 24 gold pieces
   882 | D:2      | 882 ||| BUYING scroll of identify (24 gold).
   882 | D:2      | Bought a scroll of identify for 24 gold pieces
   893 | D:2      | 893 ||| SHOPLISTING potion of cancellation (88 gold, have
                  | 8).
   893 | D:2      | 893 ||| SHOPLISTING potion of curing (33 gold, have 8).
   893 | D:2      | 893 ||| SHOPLISTING potion of heal wounds (55 gold, have
                  | 8).
   893 | D:2      | 893 ||| SHOPLISTING potion of might (44 gold, have 8).
   893 | D:2      | 893 ||| SHOPLISTING potion of resistance (110 gold, have
                  | 8).
  1101 | D:2      | Found Ykeconit's Assorted Antiques.
  1109 | D:2      | 1109 ||| BUYING pink potion (23 gold).
  1109 | D:2      | Bought a pink potion for 23 gold pieces
  1109 | D:2      | 1109 ||| BUYING scroll labelled AKKUEK KOILYA (26 gold).
  1109 | D:2      | Bought a scroll labelled AKKUEK KOILYA for 26 gold pieces
  1109 | D:2      | 1109 ||| BUYING scroll labelled DUOKHL ENLUL (26 gold).
  1109 | D:2      | Bought a scroll labelled DUOKHL ENLUL for 26 gold pieces
  1109 | D:2      | 1109 ||| SHOPLISTING scroll of identify (52 gold, have 10).
  1193 | D:2      | Found Otsoymyi's Antique Weapon Emporium.
  1203 | D:2      | Found Daidiq's Magic Scroll Shop.
  1215 | D:2      | 1215 ||| BUYING scroll of identify (26 gold).
  1215 | D:2      | Bought a scroll of identify for 26 gold pieces
  1215 | D:2      | 1215 ||| SHOPLISTING scroll of identify (26 gold, have 6).
  1215 | D:2      | 1215 ||| SHOPLISTING scroll of teleportation (39 gold, have
                  | 6).
  1288 | D:2      | 1288 ||| READING scroll labelled HAWIEROXYI.
  1289 | D:2      | 1289 ||| READING 2 scrolls labelled AKKUEK KOILYA.
  1290 | D:2      | 1290 ||| READING 2 scrolls labelled IBOJEI JUFIORGH.
  1291 | D:2      | 1291 ||| READING scroll labelled IXKEKO AFOAV.
  1292 | D:2      | 1292 ||| READING scroll labelled DUOKHL ENLUL.
  1297 | D:2      | 1297 ||| DRINKING 2 viscous blue potions.
  1298 | D:2      | 1298 ||| DRINKING 2 clear potions.
  1299 | D:2      | 1299 ||| READING 5 scrolls of identify.
  1299 | D:2      | 1299 ||| IDENTIFYING viscous inky potion
  1300 | D:2      | 1300 ||| READING 4 scrolls of identify.
  1300 | D:2      | 1300 ||| IDENTIFYING cyan potion
  1301 | D:2      | 1301 ||| READING 3 scrolls of identify.
  1301 | D:2      | 1301 ||| IDENTIFYING pink potion
  1302 | D:2      | 1302 ||| DROPPING potion of berserk rage.
  1303 | D:2      | 1303 ||| DROPPING potion of lignification.
  1304 | D:2      | 1304 ||| DROPPING potion of brilliance.
  1305 | D:2      | 1305 ||| DROPPING scroll of amnesia.
  1306 | D:2      | 1306 ||| DROPPING potion of flight.
  1485 | D:3      | Reached XP level 4. HP: 40/44 MP: 4/4
  1507 | D:3      | Found an iron altar of Okawaru.
  1622 | D:3      | Reached skill level 5 in Unarmed Combat
  1799 | D:3      | Found a runed translucent gate.
  1800 | D:3      | Found a runed translucent gate.
  1801 | D:3      | Found a runed translucent gate.
  1802 | D:3      | Noticed qw's ghost (amateur TeWr)
  1802 | D:3      | Noticed qw's ghost (amateur TeWr)
  1803 | D:3      | Noticed qw's ghost (amateur TeWr)
  1803 | D:3      | Noticed qw's ghost (amateur TeWr)
  2214 | D:3      | 2214 ||| READING scroll labelled QEBIENUASE.
  2215 | D:3      | 2215 ||| READING scroll labelled VAFFEUREOH.
  2215 | D:3      | Identified a scroll of acquirement
  2215 | D:3      | 2215 ||| ACQUIRING 1296 gold pieces
  2215 | D:3      | Acquired 1296 gold pieces
  2217 | D:3      | 2217 ||| DRINKING 2 golden potions.
  2218 | D:3      | 2218 ||| READING 3 scrolls of identify.
  2218 | D:3      | 2218 ||| IDENTIFYING fizzy grey potion
  2219 | D:3      | 2219 ||| DROPPING potion of magic.
  2220 | D:3      | 2220 ||| Stepping randomly (stuck).
  2221 | D:3      | 2221 ||| Stepping ~*~*~tactically~*~*~ (cloud).
  2422 | D:4      | Found a staircase to the Ecumenical Temple.
  2964 | D:4      | 2964 ||| DROPPING amulet of magic regeneration.
  2965 | D:4      | 2965 ||| DROPPING ring of flight.
  2966 | D:4      | 2966 ||| DRINKING 3 silvery potions.
  2967 | D:4      | 2967 ||| READING 4 scrolls of identify.
  2967 | D:4      | 2967 ||| IDENTIFYING black potion
  2968 | D:4      | 2968 ||| DROPPING 2 potions of attraction.
  2969 | D:4      | 2969 ||| DROPPING potion of degeneration.
  3002 | D:5      | Entered Level 5 of the Dungeon
  3046 | D:5      | 3046 ||| INVOKING Fiery Armour.
  3048 | D:5      | Reached XP level 5. HP: 20/50 MP: 5/5
  3048 | D:5      | 3048 ||| FLEEEEING.
  3054 | D:5      | 3054 ||| FLEEEEING.
  3055 | D:5      | 3055 ||| FLEEEEING.
  3056 | D:5      | 3056 ||| FLEEEEING.
  3057 | D:5      | 3057 ||| FLEEEEING.
  3058 | D:5      | 3058 ||| FLEEEEING.
  3059 | D:5      | 3059 ||| FLEEEEING.
  3060 | D:5      | 3060 ||| FLEEEEING.
  3061 | D:5      | 3061 ||| FLEEEEING.
  3062 | D:5      | 3062 ||| FLEEEEING.
  3063 | D:5      | 3063 ||| STAIRDANCE
  3081 | D:5      | 3081 ||| Stepping ~*~*~tactically~*~*~ (outnumbered).
  3082 | D:5      | 3082 ||| Stepping ~*~*~tactically~*~*~ (outnumbered).
  3083 | D:5      | 3083 ||| Stepping ~*~*~tactically~*~*~ (outnumbered).
  3114 | D:5      | 3114 ||| Stepping randomly (stuck).
  3115 | D:5      | 3115 ||| Stepping randomly (stuck).
  3116 | D:5      | 3116 ||| Stepping randomly (stuck).
  3117 | D:5      | 3117 ||| Stepping randomly (stuck).
  3120 | D:5      | Reached skill level 1 in Throwing
  3132 | D:5      | Reached skill level 6 in Unarmed Combat
  3189 | D:5      | 3189 ||| Stepping ~*~*~tactically~*~*~ (stealth).
  3190 | D:5      | 3190 ||| Stepping ~*~*~tactically~*~*~ (stealth).
  3192 | D:5      | 3192 ||| Stepping ~*~*~tactically~*~*~ (stealth).
  3222 | D:5      | Reached XP level 6. HP: 59/59 MP: 6/6
  3226 | D:5      | Found a runed translucent door.
  3226 | D:5      | Noticed a human
  3228 | D:5      | Found a basalt altar of Yredelemnul.
  3229 | D:5      | 3229 ||| Stepping randomly (stuck).
  3238 | D:5      | 3238 ||| INVOKING Fiery Armour.
  3239 | D:5      | 3239 ||| Stepping ~*~*~tactically~*~*~ (outnumbered).
  3240 | D:5      | 3240 ||| Stepping ~*~*~tactically~*~*~ (outnumbered).
  3242 | D:5      | Reached skill level 7 in Unarmed Combat
  3243 | D:5      | 3243 ||| Stepping ~*~*~tactically~*~*~ (outnumbered).
  3244 | D:5      | 3244 ||| Stepping ~*~*~tactically~*~*~ (outnumbered).
  3246 | D:5      | 3246 ||| Stepping ~*~*~tactically~*~*~ (outnumbered).
  3247 | D:5      | 3247 ||| Stepping ~*~*~tactically~*~*~ (outnumbered).
  3248 | D:5      | 3248 ||| Stepping ~*~*~tactically~*~*~ (outnumbered).
  3250 | D:5      | 3250 ||| Stepping ~*~*~tactically~*~*~ (outnumbered).
  3251 | D:5      | 3251 ||| Stepping ~*~*~tactically~*~*~ (outnumbered).
  3252 | D:5      | 3252 ||| Stepping ~*~*~tactically~*~*~ (outnumbered).
  3306 | D:5      | Reached XP level 7. HP: 54/66 MP: 7/7
  3432 | D:5      | Found a snail-covered altar of Cheibriados.
  3539 | D:5      | Reached skill level 8 in Unarmed Combat
  3646 | D:6      | 3646 ||| INVOKING Fiery Armour.
  3648 | D:6      | Reached skill level 3 in Fighting
  3652 | D:6      | 3652 ||| Stepping ~*~*~tactically~*~*~ (stealth).
  3710 | D:6      | 3710 ||| Stepping ~*~*~tactically~*~*~ (stealth).
  3711 | D:6      | 3711 ||| Stepping ~*~*~tactically~*~*~ (stealth).
  4009 | D:6      | 4009 ||| UPGRADING to +0 acid dragon scales.
  4019 | D:6      | 4019 ||| DROPPING +0 robe.
  4020 | D:6      | 4020 ||| READING scroll of enchant armour.
  4020 | D:6      | 4020 ||| ENCHANTING +0 acid dragon scales.
  4021 | D:6      | 4021 ||| READING scroll labelled IWEFOT JIAGITT.
  4022 | D:6      | 4022 ||| READING scroll labelled SISOJA UGOAFA.
  4023 | D:6      | 4023 ||| READING 5 scrolls of identify.
  4023 | D:6      | 4023 ||| IDENTIFYING white potion
  4024 | D:6      | 4024 ||| DROPPING potion of invisibility.
  4076 | D:6      | Found a shadowy altar of Dithmenos.
  4127 | D:6      | Reached skill level 1 in Armour
  4184 | D:6      | Reached skill level 9 in Unarmed Combat
  4184 | D:6      | Reached XP level 8. HP: 75/75 MP: 8/8
  4201 | D:6      | 4201 ||| Stepping ~*~*~tactically~*~*~ (hiding).
  4562 | D:7      | 4562 ||| INVOKING Fiery Armour.
  4564 | D:7      | HP: 13/75 [vampire/vampiric draining (11)]
  4565 | D:7      | 4565 ||| READING scroll of teleportation.
  4566 | D:7      | 4566 ||| DRINKING potion of heal wounds.
  4738 | D:7      | 4738 ||| Stepping ~*~*~tactically~*~*~ (stealth).
  4739 | D:7      | 4739 ||| Stepping ~*~*~tactically~*~*~ (stealth).
  4742 | D:7      | 4742 ||| Stepping ~*~*~tactically~*~*~ (stealth).
  4749 | D:7      | 4749 ||| Stepping ~*~*~tactically~*~*~ (hiding).
  4750 | D:7      | 4750 ||| Stepping ~*~*~tactically~*~*~ (hiding).
  4767 | D:7      | Reached skill level 3 in Throwing
  4929 | D:7      | 4929 ||| READING scroll of enchant armour.
  4929 | D:7      | 4929 ||| ENCHANTING +1 acid dragon scales.
  5012 | D:7      | 5012 ||| Stepping ~*~*~tactically~*~*~ (hiding).
  5014 | D:7      | 5014 ||| DRINKING 2 potions of curing.
  5014 | D:7      | 5014 ||| (to cure confusion)
  5015 | D:7      | 5015 ||| FLEEEEING.
  5016 | D:7      | 5016 ||| DRINKING potion of curing.
  5016 | D:7      | 5016 ||| (to cure confusion)
  5028 | D:7      | Reached skill level 10 in Unarmed Combat
  5035 | D:7      | Identified the +2 mace "Woxterut" {vorpal, rCorr Int+3}
  5045 | D:7      | Reached skill level 1 in Dodging
  5165 | D:7      | Reached XP level 9. HP: 79/84 MP: 9/9
  5385 | D:7      | 5385 ||| UPGRADING to +4 ring of protection.
  5386 | D:7      | 5386 ||| READING scroll labelled BOIJAF COCEG.
  5487 | D:7      | 5487 ||| READING 8 scrolls of identify.
  5487 | D:7      | 5487 ||| IDENTIFYING glowing brown potion
  5488 | D:7      | 5488 ||| READING 7 scrolls of identify.
  5488 | D:7      | 5488 ||| IDENTIFYING bubbling grey potion
  5683 | D:8      | 5683 ||| Stepping ~*~*~tactically~*~*~ (hiding).
  5850 | D:8      | 5850 ||| Stepping ~*~*~tactically~*~*~ (hiding).
  5851 | D:8      | 5851 ||| Stepping ~*~*~tactically~*~*~ (hiding).
  5852 | D:8      | 5852 ||| Stepping ~*~*~tactically~*~*~ (hiding).
  6047 | D:8      | Found a hazy altar of Hepliaklqana.
  6202 | D:8      | 6202 ||| INVOKING Fiery Armour.
  6218 | D:8      | Reached skill level 11 in Unarmed Combat
  6304 | D:8      | Found an ornate altar of the Wu Jian Council.
  6879 | D:9      | 6879 ||| Stepping ~*~*~tactically~*~*~ (outnumbered).
  7120 | D:9      | 7120 ||| INVOKING Fiery Armour.
  7121 | D:9      | 7121 ||| Stepping ~*~*~tactically~*~*~ (outnumbered).
  7122 | D:9      | 7122 ||| Stepping ~*~*~tactically~*~*~ (outnumbered).
  7123 | D:9      | 7123 ||| Stepping ~*~*~tactically~*~*~ (outnumbered).
  7124 | D:9      | 7124 ||| Stepping ~*~*~tactically~*~*~ (hiding).
  7127 | D:9      | 7127 ||| Stepping ~*~*~tactically~*~*~ (outnumbered).
  7134 | D:9      | 7134 ||| Stepping ~*~*~tactically~*~*~ (outnumbered).
  7332 | D:9      | Noticed a two-headed ogre
  7342 | D:9      | Killed a two-headed ogre
  7343 | D:9      | Reached skill level 12 in Unarmed Combat
  7496 | D:9      | Identified the +0 leather armour "Ibistrac" {rF+}
  7595 | D:9      | Noticed a gargoyle
  7601 | D:9      | Killed a gargoyle
  7602 | D:9      | Reached XP level 10. HP: 96/96 MP: 10/10
  7626 | D:9      | 7626 ||| INVOKING Fiery Armour.
  7638 | D:9      | 7638 ||| FLEEEEING.
  7639 | D:9      | 7639 ||| FLEEEEING.
  7640 | D:9      | 7640 ||| FLEEEEING.
  7932 | D:9      | 7932 ||| UPGRADING to amulet of regeneration.
  7989 | D:10     | Entered Level 10 of the Dungeon
  8122 | D:10     | Found a transporter.
  8123 | D:10     | Noticed qw's ghost (novice TrCA)
  8125 | D:10     | Found a transporter.
  8125 | D:10     | Noticed a two-headed ogre
  8125 | D:10     | Noticed a two-headed ogre
  8126 | D:10     | Identified the +2 dire flail of Patience {pain, Will+}
  8126 | D:10     | Noticed a two-headed ogre
  8268 | D:10     | Found a broken altar of Ashenzari.
  8272 | D:10     | Saw a vision of the Shoals and the Spider Nest.
  8272 | D:10     | Noticed a sea snake
  8272 | D:10     | Noticed a manticore
  8272 | D:10     | Noticed an entropy weaver
  8272 | D:10     | Noticed a manticore
  8272 | D:10     | Noticed a pharaoh ant
  8272 | D:10     | Noticed a steelbarb worm
  8274 | D:10     | Noticed a harpy
  8274 | D:10     | Noticed a pharaoh ant
  8274 | D:10     | Noticed a manticore
  8275 | D:10     | Noticed a moth of wrath
  8278 | D:10     | Noticed a boulder beetle
  8302 | D:10     | Noticed Psyche
  8303 | D:10     | 8303 ||| FLEEEEING.
  8306 | D:10     | 8306 ||| STAIRDANCE
  8414 | D:10     | Killed Psyche
  8415 | D:10     | Reached skill level 13 in Unarmed Combat
  8576 | D:10     | Found a blossoming altar of Fedhas.
  8872 | D:11     | Noticed a manticore
  8876 | D:11     | 8876 ||| INVOKING Fiery Armour.
  8880 | D:11     | Killed a manticore
  8971 | D:11     | Noticed a two-headed ogre
  8977 | D:11     | Killed a two-headed ogre
  8978 | D:11     | Reached skill level 14 in Unarmed Combat
  9093 | D:11     | Found a staircase to the Lair.
  9135 | D:11     | Noticed a manticore
  9138 | D:11     | Noticed a skeletal warrior
  9139 | D:11     | 9139 ||| INVOKING Fiery Armour.
  9141 | D:11     | Killed a manticore
  9145 | D:11     | HP: 22/97 [skeletal warrior/+2 vorpal battleaxe (7)]
  9146 | D:11     | 9146 ||| READING 5 scrolls of teleportation.
  9146 | D:11     | Slain by a skeletal warrior

Levels and vault maps discovered:
D:1:      pf_arrival_petrified_forest, layout_basic, basic_ecumenical_altar
D:2:      layout_rooms, serial_shops, shop, shop, shop, shop,
          nicolae_shop_statue_plus
D:3:      layout_basic, kennysheep_okawaru_gauntlet, gammafunk_ghost_cemetery
D:4:      layout_basic, lemuel_temple_firewalk_b
D:5:      layout_basic, kennysheep_slug_shrine, dk_yredelemnul_ordeal,
          minmay_strange_pillars, lemuel_old_faithful
D:6:      layout_basic, mainiacjoe_overflow_alcove_1, grunt_ministairs_14
D:7:      layout_loops_ring, minmay_misc_feat_cross
D:8:      layout_layer_cave, nicolae_hepliaklqana_hippocampus,
          nicolae_wu_jian_immortal_techniques
D:9:      layout_grid_maze, enter_bailey_3
D:10:     layout_basic, fedhas_altar_4, grunt_ashenzari_visionary
          [grunt_ashenzari_visionary_shoals, grunt_ashenzari_visionary_spider],
          gammafunk_ghost_smash, uniq_psyche
D:11:     layout_grid_maze, lair_entry_dummy

Skill      XL: |  1  2  3  4  5  6  7  8  9 10 |
---------------+-------------------------------+-----
Unarmed Combat | 4 5 6 7 9 10 12 14 | 14.1
Throwing       | 1 3 4 5 |  5.1
Fighting       | 3 4 5 |  5.6
Armour         | 1 2 |  2.0
Dodging        | 1 |  1.5
Spellcasting   | |  1.0
Fire Magic     | |  2.1

Action                   |  1- 3 |  4- 6 |  7- 9 | 10-12 || total
-------------------------+-------+-------+-------+-------++-------
Melee: Unarmed           |    86 |    92 |   201 |    68 ||   447
       Punch             |       |     1 |     6 |     1 ||     8
Throw: Boomerang         |    25 |    27 |     8 |     1 ||    61
       Javelin           |       |    10 |    13 |     2 ||    25
       Large rock        |       |       |    24 |    13 ||    37
Invok: Fiery Armour      |     1 |     2 |     4 |     3 ||    10
  Use: Scroll            |    12 |     4 |     9 |     1 ||    26
       Potion            |     3 |     2 |     3 |       ||     8
Armor: Robe              |    21 |    23 |     3 |       ||    47
       Acid dragon scale |       |       |    80 |    51 ||   131
Dodge: Dodged            |    22 |    34 |    72 |    31 ||   159

Table legend:
 A = Non-vault XP
 B = Vault XP
 C = Vault XP percentage of total XP
 D = Non-vault monster count
 E = Vault monster count
 F = Vault count percentage of total count
                 A         B        C        D         E       F
            +---------+---------+-------+---------+---------+-------
      Total |    9614 |     499 |   4.9 |     165 |      11 |   6.2
            +---------+---------+-------+---------+---------+-------
        D:1 |      40 |       0 |   0.0 |      21 |       0 |   0.0
        D:2 |      47 |       0 |   0.0 |      17 |       0 |   0.0
        D:3 |      45 |       0 |   0.0 |      17 |       0 |   0.0
        D:4 |      50 |       0 |   0.0 |       9 |       0 |   0.0
        D:5 |     544 |      42 |   7.2 |      20 |       4 |  16.7
        D:6 |     837 |      79 |   8.6 |      11 |       2 |  15.4
        D:7 |    1188 |       0 |   0.0 |      20 |       0 |   0.0
        D:8 |     637 |       0 |   0.0 |      12 |       0 |   0.0
        D:9 |    2605 |       7 |   0.3 |      20 |       4 |  16.7
       D:10 |    1286 |     371 |  22.4 |      13 |       1 |   7.1
       D:11 |    2335 |       0 |   0.0 |       5 |       0 |   0.0
            +---------+---------+-------+---------+---------+-------
